 Dungeon Crawl Stone Soup version 0.25-a0-253-g6f1b5d974a (webtiles) character file.

Game seed: 1475963876038581391, levelgen mode: deterministic

87543 MisterFreud the Peltast (level 15, -17/149 HPs)
             Began as a Troll Monk on Dec 5, 2019.
             Was the Champion of Ru.
             Killed from afar by a tengu reaver (54 damage)
             ... with a bolt of lightning
             ... on level 15 of the Dungeon.
             The game lasted 00:50:14 (22276 turns).

MisterFreud the Peltast (Troll Monk)               Turns: 22276, Time: 00:50:14

Health: -17/149    AC: 13    Str: 23      XL:     15   Next: 44%
Magic:  16/16      EV:  9    Int:  5 (6)  God:    Ru [******]
Gold:   190        SH: 16    Dex: 17 (20) Spells: 14/14 levels left

rFire    . . .     SeeInvis +     - Unarmed
rCold    . . .     Gourm    +   f - +2 shield {AC+3}
rNeg     + + .     Faith    .   J - +2 robe "Eskodwull" {rPois rN+ Str-3 Dex+6}
rPois    +         Spirit   .   k - +2 hat
rElec    .         Reflect  .   (no cloak)
rCorr    .         Harm     .   (gloves unavailable)
MR       +....                  (boots unavailable)
Stlth    ..........             e - amulet of the acrobat
HPRegen  0.74/turn              j - ring of positive energy
MPRegen  0.15/turn              P - ring of see invisible

@: no status effects
A: large, unfitting armour, claws 3, fast metabolism 3, gourmand, low mp 1,
regeneration 1, shaggy fur 1, tough skin 3, no stealth, inability to train
dodging, no charms magic, no fire magic, no transmutations magic, disrupted
magic 1, inexperienced 1
a: Draw Out Power, Power Leap, Apocalypse, Renounce Religion


You were on level 15 of the Dungeon.
You worshipped Ru.
Ru was exalted by your worship.
You were not hungry.

You visited 3 branches of the dungeon, and saw 22 of its levels.

You collected 1396 gold pieces.
You spent 1206 gold pieces at shops.

Inventory:

Hand Weapons
 y - a +0 vampiric morningstar
Missiles
 o - 12 boomerangs (quivered)
 K - 8 javelins
 X - 32 large rocks
Armour
 f - a +2 shield of protection (worn)
 k - a +2 hat (worn)
 s - a +2 robe of positive energy
 A - a +0 large shield
 J - the +2 robe "Eskodwull" (worn) {rPois rN+ Str-3 Dex+6}
   (You found it on level 9 of the Dungeon)

   It affects your strength (-3).
   It affects your dexterity (+6).
   It protects you from poison.
   It protects you from negative energy.
 L - the +1 robe of the Equator {rElec}
   (You found it on level 1 of the Lair of Beasts)

   It insulates you from electricity.
 O - a +0 shield
 W - +0 steam dragon scales
Jewellery
 e - an amulet of the acrobat (around neck)
 j - a ring of positive energy (left claw)
 B - an uncursed ring of poison resistance
 G - an uncursed amulet of regeneration
 P - a ring of see invisible (right claw)
 V - a cursed -2 ring of intelligence {unknown}
 Z - an uncursed ring of protection from cold
Wands
 a - a wand of paralysis (19)
 m - a wand of enslavement (6)
 w - a wand of iceblast (17)
 x - a wand of flame (19)
 C - a wand of random effects (18)
 Q - a wand of acid (12)
 R - a wand of digging (5)
 Y - a wand of polymorph (11)
Scrolls
 d - 4 scrolls of amnesia
 i - 16 scrolls of remove curse
 n - 12 scrolls of teleportation
 q - 2 scrolls of fear
 u - 3 scrolls of enchant armour
 z - 5 scrolls of magic mapping
 F - 3 scrolls of identify
 I - 4 scrolls of fog
 M - a scroll of enchant weapon
 S - a scroll of holy word
Potions
 c - 6 potions of agility
 g - 3 potions of magic
 h - 16 potions of curing
 l - 6 potions of lignification
 p - 3 potions of flight
 r - 3 potions of haste
 t - a potion of mutation
 v - 5 potions of might
 D - 4 potions of heal wounds
 E - 2 potions of invisibility
 N - a potion of ambrosia
 T - a potion of berserk rage
 U - 4 potions of brilliance
Miscellaneous
 H - a lightning rod (4/4)
Comestibles
 b - 53 rations


   Skills:
 + Level 9.7 Fighting
 + Level 3.4 Throwing
 - Level 15.0 Shields
 + Level 11.7 Unarmed Combat
 - Level 6.0 Evocations


You had 14 spell levels left.
You didn't know any spells.
Your spell library contained the following spells:

 Spells                   Type           Power        Failure   Level  Hunger
 Animate Skeleton         Necr           N/A          56%         1    ##.....
 Corona                   Hex            #......      56%         1    ##.....
 Magic Dart               Conj           #...         56%         1    ##.....
 Pain                     Necr           #...         56%         1    ##.....
 Searing Ray              Conj           #.....       71%         2    ###....
 Slow                     Hex            #.......     71%         2    ###....
 Dazzling Flash           Conj/Hex       #.....       89%         3    ####...
 Portal Projectile        Hex/Tloc       #.....       89%         3    ####...
 Vampiric Draining        Necr           #.........   89%         3    ####...
 Animate Dead             Necr           N/A          99%         4    #####..
 Cause Fear               Hex            #.........   99%         4    #####..
 Fulminant Prism          Conj/Hex       #.........   99%         4    #####..
 Iskenderun's Mystic Bla  Conj/Tloc      #.......     99%         4    #####..
 Leda's Liquefaction      Hex/Erth       #.........   99%         4    #####..
 Iron Shot                Conj/Erth      #.........   100%        6    #######
 Orb of Destruction       Conj           #.........   100%        7    #######
 Spellforged Servitor     Conj/Summ      #.........   100%        7    #######
 Shatter                  Erth           #.........   100%        9    #######
 Inner Flame              Hex/Fire       Unusable     N/A         3    N/A
 Regeneration             Chrm/Necr      Unusable     N/A         3    N/A
 Bolt of Magma            Conj/Fire/Erth Unusable     N/A         5    N/A
 Iskenderun's Battlesphe  Conj/Chrm      Unusable     N/A         5    N/A
 Statue Form              Tmut/Erth      Unusable     N/A         6    N/A

Dungeon Overview and Level Annotations

Branches:
Dungeon (15/15)            Temple (1/1) D:5            Lair (6/6) D:8
 Shoals (0/4) Lair:3        Snake (0/4) Lair:3          Orc (0/2) D:9
 Vaults (0/5) D:13
  Slime: Lair:5-6    Depths: D:15

Altars:
Ashenzari
Cheibriados
Dithmenos
Elyvilon
Fedhas
Gozag
Hepliaklqana
Kikubaaqudgha
Makhleb
Nemelex Xobeh
Okawaru
Qazlal
Ru
Sif Muna
Trog
Uskayaw
Vehumet
Wu Jian
Xom
Yredelemnul
Zin
The Shining One

Shops:
D:5 [   D:7 !   D:9 [   D:13 !

Annotations:
D:13 Kirke
Lair:2 1 runed translucent door, exclusion: 4 oklob plants, Deavvycs's ghost, journeyman TrHu
Lair:5 exclusion: 4 oklob plants
Lair:6 2 runed translucent doors


Innate Abilities, Weirdness & Mutations

You are too large for most types of armour.
You have claws for hands.
Your metabolism is lightning-fast.
You like to eat raw meat.
Your magical capacity is low. (-10% MP)
Your natural rate of healing is unusually fast.
You are covered in fur. (AC +1)
You have extremely tough skin. (AC +3)
You cannot be stealthy.
You cannot train Dodging skill.
You cannot study or cast Charms magic.
You cannot study or cast Fire magic.
You cannot study or cast Transmutations magic.
Your casting is slightly disrupted.
You are somewhat inexperienced. (-2 XL)


Message History

* * * LOW HITPOINT WARNING * * *
You completely miss the tengu reaver.
The tengu reaver is heavily wounded.
You block the tengu reaver's attack.
The tengu reaver pecks you but does no damage.
The tengu reaver claws you.
* * * LOW HITPOINT WARNING * * *
You focus your will and illuminate the tengu reaver in retribution!
You closely miss the tengu reaver.
The tengu reaver is heavily wounded.
You mangle the tengu reaver!!
The tengu reaver is severely wounded.
You block the tengu reaver's attack. The tengu reaver pecks you.
* * * LOW HITPOINT WARNING * * *
You block the tengu reaver's attack.
You claw the tengu reaver!
The tengu reaver is almost dead.
The tengu reaver casts a spell at you. The bolt of lightning hits you!!!
You die...

..#....#...#...#...#........#....
..#....#...'...'.).#........#....
####...#..)#...#...#........#....
#...##'#######'##.......##....
#####...#|.(#...###########...
#...#...#...# #### #...#%.[#...#
######'###'## #...#@..# +...Q...#
#.*.#...# #########


You could see a tengu reaver and a battlesphere.

Vanquished Creatures
  A fire dragon (D:15)
  5 eidola
  Josephine (D:11)
  2 ice dragons
  Harold (D:7)
  4 vault guards (D:13)
  4 hydras
  4 two-headed ogres
  12 death yaks
  A death knight (D:13)
  A catoblepas (Lair:5)
  2 vampire magi (D:14)
  A tengu warrior (D:15)
  4 centaur warriors
  A fire crab (Lair:6)
  3 unseen horrors
  2 phantasmal warriors (D:14)
  Pikel (D:8)
  4 deep elf magi
  10 ugly things
  7 cyclopes
  A manticore (D:11)
  9 centaur zombies
  Psyche (D:8)
  5 elephants (Lair:5)
  2 molten gargoyles (Lair:6)
  6 black mambas
  A gargoyle (D:12)
  6 spiny frogs
  A kobold demonologist (D:14)
  8 komodo dragons
  A freezing wraith (D:15)
  A rime drake (D:11)
  A yaktaur (D:15)
  A queen bee (D:10)
  A meliai (D:14)
  Prince Ribbit (D:6)
  7 blink frogs
  2 polar bears
  5 slime creatures
  4 flying skulls
  9 hippogriffs
  A vampire (D:13)
  6 wraiths
  7 spriggans
  6 wyverns
  Sigmund (D:4)
  70 yaks
  A tarantella (shapeshifter) (D:14)
  2 shadows
  Grum (D:10)
  2 hogs
  2 basilisks
  2 steam dragons
  5 hungry ghosts
  3 vampire mosquitoes (D:14)
  4 nagas (Lair:3)
  5 wargs
  2 acid dragons
  8 water moccasins
  5 porcupines
  4 hell hounds (Lair:6)
  5 orc warriors
  An eye of draining (D:13)
  3 sky beasts
  3 ice beasts
  3 black bears
  A slave (D:8)
  A boggart (D:15)
  5 ogres
  2 phantoms
  6 wolves
  8 centaurs
  9 crocodiles
  Blork the orc (D:4)
  4 big kobolds
  18 bullfrogs
  2 wyvern zombies
  A water moccasin zombie (D:6)
  A wyvern skeleton (D:14)
  3 scorpions
  20 killer bees (D:10)
  7 wights
  An electric eel (Lair:3)
  2 howler monkeys
  4 lava snakes (Lair:6)
  6 crimson imps
  3 bullfrog zombies
  4 orc priests
  A wyvern simulacrum (D:14)
  17 jellies
  2 bullfrog skeletons (D:9)
  11 centaur skeletons
  6 hounds
  Jessica (D:3)
  5 iguanas
  Ijyb (D:3)
  13 worker ants
  2 orc wizards
  7 hell rats (Lair:6)
  Terence (D:3)
  A hound skeleton (D:5)
  2 worker ant zombies
  6 gnolls
  13 adders
  6 shadow imps
  14 oozes
  2 worms
  2 dart slugs (D:1)
  2 leopard geckos
  25 orcs
  5 giant cockroaches
  12 goblins
  8 hobgoblins
  20 jackals
  3 quokkas
  A ball python (D:6)
  3 bats
  2 frilled lizards
  23 kobolds
  2 leopard gecko skeletons
  A quokka skeleton (D:6)
  A quokka zombie (D:6)
  10 rats
  3 fungi
639 creatures vanquished.

Vanquished Creatures (others)
  A hydra (Lair:6)
  A death yak (Lair:5)
  A wizard (D:14)
  A cyclops (D:12)
  A troll (D:10)
  A polar bear (D:11)
  A wyvern (shapeshifter) (D:9)
  2 yaks
  A basilisk (Lair:6)
  A naga (Lair:3)
  2 centaurs
  A crocodile (Lair:2)
  A lava snake (Lair:6)
  A goblin (D:14)
  8 fungi
  6 plants
30 creatures vanquished.

Grand Total: 669 creatures vanquished

Notes
Turn   | Place    | Note
-------+----------+-------------------------------------------
     0 | D:1      | MisterFreud the Troll Monk began the quest for the Orb.
     0 | D:1      | Reached XP level 1. HP: 22/22 MP: 0/0
   150 | D:1      | Reached XP level 2. HP: 29/29 MP: 1/1
   420 | D:1      | Reached XP level 3. HP: 35/36 MP: 2/2
   852 | D:2      | Reached XP level 4. HP: 42/44 MP: 3/3
   854 | D:2      | Reached skill level 5 in Unarmed Combat
  1224 | D:3      | Noticed Ijyb
  1255 | D:3      | Killed Ijyb
  1598 | D:3      | Found a white marble altar of Elyvilon.
  1599 | D:3      | Noticed Jessica
  1601 | D:3      | Found a shattered altar of Ashenzari.
  1602 | D:3      | Killed Jessica
  1602 | D:3      | Reached XP level 5. HP: 50/50 MP: 4/4
  1741 | D:3      | Noticed Terence
  1751 | D:3      | Killed Terence
  2196 | D:4      | Found a shadowy altar of Dithmenos.
  2239 | D:4      | Noticed an ogre
  2245 | D:4      | Killed an ogre
  2245 | D:4      | Reached XP level 6. HP: 52/61 MP: 5/5
  2465 | D:4      | Noticed Sigmund
  2473 | D:4      | Killed Sigmund
  2534 | D:4      | Noticed Blork the orc
  2541 | D:4      | Killed Blork the orc
  2541 | D:4      | Reached XP level 7. HP: 45/67 MP: 6/6
  3005 | D:4      | Found a glowing silver altar of Zin.
  3048 | D:5      | Entered Level 5 of the Dungeon
  3055 | D:5      | Found Pinapy's Armour Shoppe.
  3182 | D:5      | Found a staircase to the Ecumenical Temple.
  3203 | Temple   | Entered the Ecumenical Temple
  3386 | Temple   | Became a worshipper of Ru the Awakened
  3390 | Temple   | Gained mutation: You are somewhat inexperienced. (-2 XL)
                  | [Ru sacrifice]
  3390 | Temple   | Reached XP level 6. HP: 62/62 MP: 5/5
  3390 | Temple   | Reached XP level 5. HP: 54/54 MP: 4/4
  3390 | Temple   | Reached * piety under Ru
  3390 | Temple   | Reached ** piety under Ru
  4094 | D:5      | Reached XP level 6. HP: 62/62 MP: 5/5
  4286 | D:6      | Noticed an orc warrior
  4304 | D:6      | Killed an orc warrior
  4441 | D:6      | Reached XP level 7. HP: 52/70 MP: 6/6
  4462 | D:6      | Noticed Prince Ribbit
  4467 | D:6      | Killed Prince Ribbit
  4467 | D:6      | Reached skill level 5 in Dodging
  5095 | D:6      | Reached XP level 8. HP: 78/78 MP: 7/7
  5430 | D:7      | Gained mutation: You cannot be stealthy. [Ru sacrifice]
  5430 | D:7      | Reached *** piety under Ru
  5437 | D:7      | Found Tokkimeo's Distillery.
  5440 | D:7      | Bought 2 potions of heal wounds for 120 gold pieces
  5440 | D:7      | Bought a potion of invisibility for 96 gold pieces
  5440 | D:7      | Bought a potion of cancellation for 96 gold pieces
  5440 | D:7      | Bought a potion of invisibility for 96 gold pieces
  5445 | D:7      | Reached skill level 10 in Unarmed Combat
  5589 | D:7      | Noticed Harold
  5601 | D:7      | Killed Harold
  5601 | D:7      | Reached skill level 2 in Shields
  5601 | D:7      | Reached XP level 9. HP: 29/87 MP: 8/8
  5788 | D:7      | Reached skill level 5 in Fighting
  6126 | D:7      | Noticed a two-headed ogre
  6133 | D:7      | Killed a two-headed ogre
  6133 | D:7      | Reached skill level 3 in Shields
  6316 | D:8      | Found a radiant altar of Vehumet.
  6431 | D:8      | Found a staircase to the Lair.
  6518 | D:8      | Noticed Pikel
  6549 | D:8      | Killed Pikel
  6549 | D:8      | Reached skill level 1 in Evocations
  6549 | D:8      | Reached XP level 10. HP: 56/98 MP: 9/9
  6644 | D:8      | Reached skill level 4 in Shields
  6858 | D:8      | Noticed Psyche
  6866 | D:8      | Killed Psyche
  7080 | D:9      | Noticed a two-headed ogre
  7091 | D:9      | Noticed a cyclops
  7106 | D:9      | Killed a cyclops
  7110 | D:9      | Noticed a cyclops
  7139 | D:9      | Noticed a spiny frog
  7139 | D:9      | a blink frog changed into a spiny frog
  7156 | D:9      | a spiny frog changed into a polar bear
  7221 | D:9      | Found a staircase to the Orcish Mines.
  7308 | D:9      | Found Koczetoz's Antique Armour Shoppe.
  7314 | D:9      | Reached skill level 5 in Shields
  7356 | D:9      | Found a shimmering altar of Xom.
  7398 | D:9      | Got a shimmering robe
  7409 | D:9      | Identified the +2 robe "Eskodwull" {rPois rN+ Str-3 Dex+6}
                  | (You found it on level 9 of the Dungeon)
  7494 | D:9      | Killed a two-headed ogre
  7554 | D:9      | Noticed a two-headed ogre
  7647 | Lair:1   | Entered Level 1 of the Lair of Beasts
  7686 | Lair:1   | Gained mutation: You cannot study or cast Fire magic. [Ru
                  | sacrifice]
  7686 | Lair:1   | Gained mutation: You cannot study or cast Transmutations
                  | magic. [Ru sacrifice]
  7686 | Lair:1   | Gained mutation: You cannot study or cast Charms magic. [Ru
                  | sacrifice]
  7686 | Lair:1   | Reached **** piety under Ru
  7747 | Lair:1   | Reached XP level 11. HP: 72/107 MP: 12/12
  8209 | Lair:1   | Got a shimmering robe
  8210 | Lair:1   | Identified the +1 robe of the Equator {rElec} (You found it
                  | on level 1 of the Lair of Beasts)
  8621 | Lair:2   | Noticed a six-headed hydra
  8645 | Lair:2   | Killed a six-headed hydra
  8645 | Lair:2   | Reached skill level 6 in Shields
  8727 | Lair:2   | Found a runed translucent door.
  8730 | Lair:2   | Noticed Deavvycs's ghost (journeyman TrHu)
  8813 | Lair:2   | Noticed a death yak
  8813 | Lair:2   | Noticed a death yak
  8813 | Lair:2   | Noticed a death yak
  8816 | Lair:2   | Noticed a death yak
  8817 | Lair:2   | Noticed a death yak
  9167 | Lair:2   | Noticed a death yak
  9188 | Lair:2   | Killed a death yak
  9205 | Lair:2   | Killed a death yak
  9219 | Lair:2   | Killed a death yak
  9222 | Lair:2   | Killed a death yak
  9232 | Lair:2   | Killed a death yak
  9232 | Lair:2   | Reached skill level 5 in Evocations
  9242 | Lair:2   | Killed a death yak
  9242 | Lair:2   | Reached XP level 12. HP: 47/119 MP: 14/14
  9508 | Lair:2   | Reached skill level 7 in Shields
  9724 | Lair:3   | Found a staircase to the Shoals.
 10111 | Lair:3   | Found a staircase to the Snake Pit.
 10734 | Lair:4   | Reached skill level 10 in Dodging
 10743 | Lair:4   | Reached skill level 8 in Shields
 10836 | Lair:4   | Noticed a four-headed hydra
 10857 | Lair:4   | Killed a four-headed hydra
 11375 | Lair:4   | Noticed a four-headed hydra
 11381 | Lair:4   | Killed a four-headed hydra
 11381 | Lair:4   | Reached skill level 9 in Shields
 11758 | Lair:5   | Noticed a catoblepas
 11770 | Lair:5   | Killed a catoblepas
 11995 | Lair:5   | Noticed a death yak
 12009 | Lair:5   | Killed a death yak
 12011 | Lair:5   | Reached skill level 10 in Shields
 12040 | Lair:5   | Reached XP level 13. HP: 117/127 MP: 16/16
 12842 | Lair:6   | Entered Level 6 of the Lair of Beasts
 12883 | Lair:5   | Reached skill level 11 in Shields
 13192 | Lair:6   | HP: 5/127 [hippogriff (3)]
 13433 | Lair:6   | Reached skill level 12 in Shields
 13936 | Lair:6   | Noticed a fire dragon
 13974 | Lair:6   | Found a large runed translucent door.
 13975 | Lair:6   | Found a large runed translucent door.
 14624 | D:10     | Entered Level 10 of the Dungeon
 14953 | D:10     | Gained mutation: You cannot train Dodging skill. [Ru
                  | sacrifice]
 14953 | D:10     | Reached ***** piety under Ru
 15011 | D:10     | Noticed Grum
 15031 | D:10     | Reached skill level 13 in Shields
 15104 | D:10     | Killed Grum
 15727 | D:11     | Reached XP level 14. HP: 136/136 MP: 17/17
 15753 | D:11     | Noticed Josephine
 15778 | D:11     | Killed Josephine
 16067 | D:11     | Found a frozen archway.
 16731 | D:12     | Gained mutation: Your casting is slightly disrupted. [Ru
                  | sacrifice]
 17503 | D:13     | Reached skill level 14 in Shields
 17588 | D:13     | Identified a scroll of acquirement
 17598 | D:13     | Found a gate to the Vaults.
 17978 | D:13     | Found Eveoxuet's Distillery.
 17995 | D:13     | Bought a potion of might for 76 gold pieces
 17995 | D:13     | Bought a potion of curing for 57 gold pieces
 17995 | D:13     | Bought a potion of curing for 57 gold pieces
 17995 | D:13     | Bought a potion of heal wounds for 95 gold pieces
 17995 | D:13     | Bought a potion of agility for 76 gold pieces
 17995 | D:13     | Bought a potion of curing for 57 gold pieces
 17995 | D:13     | Bought a potion of lignification for 57 gold pieces
 17995 | D:13     | Bought a potion of curing for 57 gold pieces
 17995 | D:13     | Bought a potion of haste for 190 gold pieces
 17995 | D:13     | Bought a potion of might for 76 gold pieces
 17999 | D:13     | Gained mutation: Your magical capacity is low. (-10% MP)
                  | [Ru sacrifice]
 17999 | D:13     | Reached ****** piety under Ru
 18469 | D:13     | Noticed Kirke
 18955 | D:14     | Reached skill level 15 in Shields
 20109 | D:13     | Reached XP level 15. HP: 111/145 MP: 16/16
 20398 | D:14     | Found a bloodstained altar of Trog.
 20703 | D:14     | Reached skill level 1 in Throwing
 21009 | D:15     | Entered Level 15 of the Dungeon
 22175 | D:15     | Noticed a tengu reaver
 22276 | D:15     | Killed from afar by a tengu reaver

Levels and vault maps discovered:
D:1:      elethiomel_arrival_infinity_welcomes_careful_drivers, layout_rooms
D:2:      layout_loops_ring, first_ration
D:3:      layout_loops_ring, grunt_temple_overflow_open, uniq_ijyb,
          uniq_jessica, uniq_terence
D:4:      layout_basic, nicolae_dithmenos_the_darkroom, zin_treasury,
          kennysheep_generic_room_13, uniq_sigmund, uniq_blork_the_orc
D:5:      layout_basic, minmay_temple_entry_offerings, serial_shops, shop
D:6:      layout_loops_corners, serial_bayou_pond_e, uniq_prince_ribbit1
D:7:      layout_cave_pods, serial_shops, nicolae_shop_behind_doors, uniq_harold
D:8:      layout_loops_ring, vehumet_crystals, erik_lair_orcish_takeover,
          uniq_psyche, uniq_pikel
D:9:      layout_roguey, lemuel_round_altar, david_orc_3, serial_shops,
          shop_fountains, grunt_pizzeria, minivault_28
D:10:     layout_loops_cross, special_room [special_room_bee], uniq_grum
D:11:     layout_loops_corners, portal_ice_cave_entry_animals_and_master,
          uniq_josephine
D:12:     layout_stronghold
D:13:     layout_irregular_city, lightli_vaults_fourway_checkpoint,
          serial_shops, shop, minmay_circle_x, uniq_kirke
D:14:     hangedman_screamer, layout_rooms, enter_bailey_3, nrook_mini_vaults,
          minivault_25_ag, trog_wizard
D:15:     grunt_enter_depths_hoard, layout_basic, serial_glass, glass_columns_a,
          glass_columns_c, minmay_misc_feat_pillars, minmay_evil_grid
Temple:   eino_temple_scatter_basement
Lair:1:   layout_cave_pods, nicolae_lair_grove_arrangements
Lair:2:   layout_roguey, hellmonk_ghost_happy_afterlife, enter_volcano_2,
          minmay_lair_oklob_chamber
Lair:3:   lemuel_slime, layout_misc_corridors, shoals_dummy_entry,
          minmay_snake_entry_guardpost_medium, chequers_serial_rivers_micro_a,
          grunt_megastairs_5, serial_bayou_shore_a, lemuel_fruit_fields,
          lemuel_fruit_tree
Lair:4:   layout_regular_city, wad_woods_01
Lair:5:   layout_long_grid, minmay_slime_entry_oklob_open, beast_lair_carwin_7
Lair:6:   cheibrodos_lair_end_hotspot, layout_hall_layers

Skill      XL: |  1  2  3  4  5  6  7  8  9 10 11 12 13 14 15 |
---------------+----------------------------------------------+-----
Unarmed Combat | 4 6 8 10 11 | 11.7
Fighting       | 4 5 6 8 9 |  9.7
Dodging        | 4 5 6 7 8 9 10 0 |  0.0
Stealth        | 0 |  0.0
Shields        | 2 3 5 6 10 13 15 | 15.0
Evocations     | 1 3 5 6 |  6.0
Throwing       | 3 |  3.4

Action                   |  1- 3 |  4- 6 |  7- 9 | 10-12 | 13-15 || total
-------------------------+-------+-------+-------+-------+-------++-------
Melee: Unarmed           |    68 |   169 |   189 |   706 |  1752 ||  2884
       Punch             |       |     5 |    10 |    27 |       ||    42
       Morningstar       |       |       |       |    23 |     7 ||    30
Invok: Sacrifice Experie |       |     1 |       |       |       ||     1
       Sacrifice Stealth |       |       |     1 |       |       ||     1
       Sacrifice Arcana  |       |       |       |     1 |       ||     1
       Reject Sacrifices |       |       |       |     1 |       ||     1
       Power Leap        |       |       |       |       |     1 ||     1
       Sacrifice Nimblen |       |       |       |       |     1 ||     1
       Sacrifice Essence |       |       |       |       |     2 ||     2
       Apocalypse        |       |       |       |       |     1 ||     1
Evoke: Wand              |       |       |     1 |    10 |     7 ||    18
  Use: Scroll            |       |     3 |    12 |     8 |    14 ||    37
       Potion            |       |       |       |       |     5 ||     5
 Stab: Sleeping          |       |     8 |     6 |       |       ||    14
       Invisible         |       |       |     2 |     5 |    24 ||    31
       Distracted        |       |       |       |     3 |    14 ||    17
       Paralysed         |       |       |       |       |    21 ||    21
  Eat: Chunk             |    12 |    29 |    25 |    61 |    92 ||   219
       Ration            |       |       |     1 |       |       ||     1
Armor: Robe              |    30 |    66 |    48 |    96 |   281 ||   521
       Skin              |       |       |       |       |     3 ||     3
Dodge: Dodged            |    27 |    87 |    81 |   380 |   585 ||  1160
Block: Shield            |       |       |       |   190 |   906 ||  1096
       Large shield      |       |       |       |       |   118 ||   118

Table legend:
 A = Non-vault XP
 B = Vault XP
 C = Vault XP percentage of total XP
 D = Non-vault monster count
 E = Vault monster count
 F = Vault count percentage of total count
                 A         B        C        D         E       F
            +---------+---------+-------+---------+---------+-------
      Total |   74731 |   51098 |  40.6 |     445 |     202 |  31.2
            +---------+---------+-------+---------+---------+-------
        D:1 |      43 |       0 |   0.0 |      19 |       0 |   0.0
        D:2 |      85 |       0 |   0.0 |      23 |       0 |   0.0
        D:3 |      47 |     105 |  69.1 |      15 |       3 |  16.7
        D:4 |     248 |     349 |  58.5 |      13 |       4 |  23.5
        D:5 |     336 |       0 |   0.0 |      17 |       0 |   0.0
        D:6 |     809 |     283 |  25.9 |      20 |       1 |   4.8
        D:7 |    2340 |    1028 |  30.5 |      19 |       1 |   5.0
        D:8 |     351 |    1776 |  83.5 |       4 |      11 |  73.3
        D:9 |    1840 |    2425 |  56.9 |      14 |      14 |  50.0
       D:10 |    2704 |    1840 |  40.5 |      26 |      20 |  43.5
       D:11 |    5553 |    3895 |  41.2 |      37 |      12 |  24.5
       D:12 |    2361 |     189 |   7.4 |      16 |       1 |   5.9
       D:13 |    9945 |    9180 |  48.0 |      55 |      21 |  27.6
       D:14 |    8226 |   13037 |  61.3 |      37 |      31 |  45.6
       D:15 |    5231 |    4572 |  46.6 |      16 |       8 |  33.3
     Lair:1 |    4626 |      96 |   2.0 |      23 |       1 |   4.2
     Lair:2 |    8026 |     173 |   2.1 |      18 |       2 |  10.0
     Lair:3 |    4201 |    1600 |  27.6 |      20 |      30 |  60.0
     Lair:4 |    3479 |    1315 |  27.4 |       8 |       6 |  42.9
     Lair:5 |    8121 |    3220 |  28.4 |      24 |      12 |  33.3
     Lair:6 |    6159 |    6015 |  49.4 |      21 |      24 |  53.3
            +---------+---------+-------+---------+---------+-------
